Map: Catalisador LE

Players

IagoAbreu - Winner!

  • Race: Zerg Zerg
  • League: Gold
  • Spawn Location: 5:00

randomhacker

  • Race: Protoss Protoss
  • League: Silver
  • Spawn Location: 11:00

VOD

Have the link to the VOD?

Description

Time

  • Played on: May 5, 2018, 9:15 a.m.
  • Length: 4:52
Show
View Real Time Build Order
Export as new Build Order

IagoAbreu Zerg - Winner!

Build Orders: Pool First 

Get SALT Encoding   

  12  0:02  Drone  
  13  0:09  Drone  
  14  0:17  Overlord  
  14  0:34  Spawning Pool  
  13  0:42  Drone x2  
  15  0:46  Drone  
  16  0:54  Drone  
  17  0:57  Extractor  
  16  1:04  Drone  
  17  1:15  Drone  
  18  1:23  Queen  
  20  1:28  Drone  
  21  1:40  Hatchery  
  21  1:42  Drone  
  21  1:52  Evolution Chamber  
  21  1:53  Drone  
  21  2:09  Overlord x2  
  21  2:22  Metabolic Boost  
  21  2:37  Queen  
  21  2:40  Zerg Melee Weapons Level 1  
  21  2:43  Zergling x6  
  26  2:44  Zergling x2  
  26  2:48  Zergling x2  
  28  2:57  Queen  
  30  3:11  Zergling x2  
  30  3:12  Zergling x6  
  34  3:15  Zergling x2  
  35  3:39  Drone x3  
  38  3:44  Roach Warren  
  35  4:21  Zergling x10  
  35  4:22  Zergling x8  
  44  4:29  Overlord x3  
Show
View Real Time Build Order
Export as new Build Order

randomhacker Protoss 

Build Orders:  

Get SALT Encoding   

  12  0:01  Probe  
  13  0:13  Probe  
  14  0:25  Probe  
  15  0:32  Pylon  
  15  0:38  Assimilator  
  15  0:48  Assimilator  
  15  0:50  Probe  
  16  1:01  Gateway, Probe  
  17  1:06  Pylon  
  17  1:09  Probe  
  17  1:17  Probe  
  19  1:29  Probe  
  20  1:40  Forge  
  20  1:41  Probe  
  21  1:53  Probe  
  22  1:57  Cybernetics Core  
  22  2:00  Pylon  
  22  2:04  Protoss Ground Weapons Level 1  
  22  2:05  Probe  
  23  2:24  Warp Gate  
  23  2:43  Robotics Facility  
  23  2:46  Twilight Council  
  23  2:52  Stalker  
  25  3:02  Pylon  
  25  3:10  Pylon  
  25  3:36  Gateway  
  25  3:37  Gateway  
  25  3:39  Gateway  
  25  3:42  Immortal  
Tags
 
Add a new tag
Caveats
  • Supply blocks, unpowered buildings, or Contaminate may cause inaccurate times.
  • Supply counts are checked every 10 seconds.